 Dungeon Crawl Stone Soup version 0.20-a0-853-gabbfcfc (webtiles) character file.

32 M4edhros the Sneak (level 3, -1/23 HPs)
             Began as an Octopode Artificer on Mar 11, 2017.
             Slain by an orc
             ... wielding a +1 trident of piercing
              (7 damage)
             ... on level 5 of the Dungeon.
             The game lasted 00:01:13 (1223 turns).

M4edhros the Sneak (Octopode Artificer)             Turns: 1223, Time: 00:01:14

Health: -1/23      AC:  1    Str: 11    XL:     3   Next: 25%
Magic:  5/5        EV: 13    Int: 13    God:
Gold:   59         SH:  0    Dex: 13    Spells: 2/2 levels left

rFire    . . .     SeeInvis .   a - +0 short sword
rCold    . . .     Gourm    .   (no shield)
rNeg     . . .     Faith    .   (helmet restricted)
rPois    .         Spirit   .   (no amulet)
rElec    .         Reflect  .   (no ring)
rCorr    .         Harm     .   (no ring)
MR       .....                  (no ring)
Stlth    ++++......             (no ring)
Regen    0.1/turn               (no ring)
MPRegen  0.1/turn               (no ring)
                                (no ring)
                                (no ring)

@: no status effects
A: almost no armour, stealthy swim, amphibious, 8 rings, constrict 8, camouflage
1, gelatinous body 1
a: no special abilities


You were on level 5 of the Dungeon.
You were hungry.

You visited 1 branch of the dungeon, and saw 5 of its levels.

You collected 59 gold pieces.

Inventory:

Hand Weapons
 a - a +0 short sword (weapon)
Armour
 h - a +0 buckler
Wands
 b - a wand of flame (47/48)
 c - a wand of enslavement (12/24)
 d - a wand of random effects (15/48)
Scrolls
 m - a scroll of fog {unknown}
Potions
 e - a potion of heal wounds {unknown}
 i - a potion of berserk rage {unknown}
 k - a potion of agility {unknown}
Comestibles
 f - a bread ration
 l - 4 fruits


   Skills:
 - Level 1.0 Fighting
 - Level 1.0 Short Blades
 - Level 2.0 Dodging
 + Level 4.5 Stealth
 - Level 3.2 Evocations


You had 2 spell levels left.
You didn't know any spells.

Dungeon Overview and Level Annotations

Branches:
Dungeon (5/15)
 Temple: D:4-7

Altars:


Innate Abilities, Weirdness & Mutations

You cannot wear most types of armour.
You are very stealthy in the water. (Stealth+)
You are amphibious.
You can wear up to eight rings at the same time.
You can use your tentacles to constrict eight enemies at once.
Your skin changes colour to match your surroundings (Stealth+).
Your rubbery body absorbs attacks. (AC +1, EV +1)


Message History

The orc hits your jackal with a trident of piercing.
Your jackal dies!
You hit the jackal. Your grab misses the jackal.
Your squeeze misses the jackal.
The jackal is severely wounded.
The jackal closely misses you. The jackal misses you.
The jackal barely misses you.
You hit the jackal. Your grab misses the jackal.
The jackal is almost dead.
The jackal bites you. x2
The jackal bites you but does no damage.
Evoke which item? (* to show all) (? for menu, Esc to quit)
Aiming: Throw Flame
Press: ? - help, Shift-Dir - straight line The puff of flame hits the jackal.
You kill the jackal!
This wand has 47 charges left.
The jackal bites you.
* * * LOW HITPOINT WARNING * * *
The orc hits you from afar with a trident of piercing!
You die...

...####..#
.........# #
....#....#+#####.#
.b...............#
........<.........
.........†.......#
###......o........
#......h......#.
##....@.......#
##############


You could see an orc and a jackal.

Vanquished Creatures
  An adder (D:3)
  2 goblins
  4 hobgoblins
  A jackal (D:5)
  5 kobolds
  2 quokkas (D:2)
  2 bats (D:1)
  A frilled lizard (D:3)
  3 rats
21 creatures vanquished.

Vanquished Creatures (collateral kills)
  A jackal (D:5)
1 creature vanquished.

Vanquished Creatures (others)
  A jackal (D:5)
1 creature vanquished.

Grand Total: 23 creatures vanquished

Notes
Turn   | Place    | Note
-------+----------+-------------------------------------------
     0 | D:1      | M4edhros the Octopode Artificer began the quest for the Orb.
     0 | D:1      | Reached XP level 1. HP: 13/13 MP: 3/3
    38 | D:1      | Reached skill level 2 in Stealth
   157 | D:1      | Reached skill level 3 in Stealth
   157 | D:1      | Reached XP level 2. HP: 10/18 MP: 4/4
   765 | D:3      | Reached skill level 4 in Stealth
   765 | D:3      | Reached XP level 3. HP: 13/23 MP: 5/5
  1209 | D:5      | Entered Level 5 of the Dungeon
  1223 | D:5      | Slain by an orc

Vault maps used:
D:1:      minmay_arrival_glassed_features, st_stairs_5, fountainhead
D:2:      lemuel_coloured_pillars_altar
D:4:      lemuel_crystal_altar, lightli_ossuary_entry_decrepit_ruins,
          first_bread
D:5:      kennysheep_mini, overflow_temple_1_default, xom_butterflies,
          kennysheep_mini_moat, serial_shops, shop, guppyfry_early_orc_mine

Skill      XL: |  1  2 |
---------------+-------+-----
Stealth        | 3 4 |  4.5
Fighting       | |  1.0
Short Blades   | |  1.0
Dodging        | |  2.0
Evocations     | |  3.2

Action                   || total
-------------------------++-------
Melee: Short sword       ||    48
       Constrict         ||    13
       Tentacles         ||     5
Evoke: Wand              ||     4
  Use: Scroll            ||     2
 Stab: Sleeping          ||     7
Armor: Skin              ||     7
Dodge: Dodged            ||    42
